MLB
CHICAGO CUBS @ SAN FRANCISCO GIANTS
03/02/2019
 
TOP OF THE 1ST
Chicago Cubs batting - Pitching for San Francisco Giants : RHP Pablo Lopez
Pitching: RHP Pablo Lopez
Batting: RHB Michael A. Taylor 0-0: Ball
1-0: Ball
2-0: Fly out, F7 (Line Drive, 7, EV 91.3 MPH)
Batting: RHB Justin Upton 0-0: Swinging Strike
0-1: Ball
1-1: Swinging Strike
1-2: Strikes out swinging
Batting: LHB Cody Bellinger 0-0: Called Strike
0-1: Ball
1-1: Foul Ball, location: 2F
1-2: Ball
2-2: Strikes out swinging
Top of the 1st over - 0 runs, 0 hits, 0 errors, 0 left on base; Chicago 0 - San Francisco 0
BOTTOM OF THE 1ST
San Francisco Giants batting - Pitching for Chicago Cubs : RHP Masahiro Tanaka
Pitching: RHP Masahiro Tanaka
Batting: RHB Dustin Pedroia 0-0: Ball
1-0: Swinging Strike
1-1: Called Strike
1-2: Ball
2-2: Strikes out swinging
Batting: RHB Hunter Dozier 0-0: Ball
1-0: Ground out 4-3 (Groundball, 34D, EV 100.0 MPH)
Batting: LHB Miguel Montero 0-0: Called Strike
0-1: Ball
1-1: Swinging Strike
1-2: Strikes out swinging
Bottom of the 1st over - 0 runs, 0 hits, 0 errors, 0 left on base; Chicago 0 - San Francisco 0
TOP OF THE 2ND
Chicago Cubs batting - Pitching for San Francisco Giants : RHP Pablo Lopez
Batting: RHB Stephen Piscotty 0-0: Ball
1-0: Foul Ball, location: 2F
1-1: Foul Ball, location: 2F
1-2: Ball
2-2: Reached on error, E6 (Groundball, 6MS, EV 64.4 MPH)
Batting: LHB Brandon Lowe 0-0: Called Strike
0-1: Ball
1-1: Swinging Strike
1-2: SINGLE (Flyball, 78M, EV 89.4 MPH)
Stephen Piscotty to second
Batting: RHB Willson Contreras 0-0: Ball
1-0: Ball
2-0: Ball
3-0: Base on Balls
Stephen Piscotty to third
Brandon Lowe to second
Batting: SHB Yoan Moncada 0-0: Foul Ball, location: 2F
0-1: Fielders Choice at 2nd, 3-6 (Groundball, 3, EV 83.1 MPH)
Stephen Piscotty scores
Brandon Lowe to third
Batting: RHB Paul DeJong 0-0: Foul Ball, location: 2F
0-1: Ball
1-1: Foul Ball, location: 2F
1-2: 3-RUN HOME RUN (Flyball, 78XD, EV 105.0 MPH), Distance : 455 ft
Batting: RHB Masahiro Tanaka 0-0: Ground out U3 (Groundball, 3, EV 85.6 MPH)
Batting: RHB Michael A. Taylor 0-0: Swinging Strike
0-1: Foul Ball, location: 2F
0-2: Ball
1-2: Ball
2-2: Ball
3-2: Foul Ball, location: 2F
3-2: Strikes out swinging
Top of the 2nd over - 4 runs, 2 hits, 1 error, 0 left on base; Chicago 4 - San Francisco 0
BOTTOM OF THE 2ND
San Francisco Giants batting - Pitching for Chicago Cubs : RHP Masahiro Tanaka
Batting: LHB Kyle Schwarber 0-0: Foul Ball, location: 2F
0-1: Foul Ball, location: 2F
0-2: Ball
1-2: Ball
2-2: Ball
3-2: Foul Ball, location: 2F
3-2: Foul Ball, location: 2F
3-2: Ground out U3 (Groundball, 3S, EV 85.0 MPH)
Batting: RHB Seth Mejias-Brean 0-0: Swinging Strike
0-1: Called Strike
0-2: Foul Ball, location: 2F
0-2: Ball
1-2: Ball
2-2: Strikes out swinging
Batting: LHB Carlos Gonzalez 0-0: Called Strike
0-1: Ball
1-1: Swinging Strike
1-2: Foul Ball, location: 2F
1-2: Foul Ball, location: 2F
1-2: Strikes out swinging
Bottom of the 2nd over - 0 runs, 0 hits, 0 errors, 0 left on base; Chicago 4 - San Francisco 0
TOP OF THE 3RD
Chicago Cubs batting - Pitching for San Francisco Giants : RHP Pablo Lopez
Batting: RHB Justin Upton 0-0: Swinging Strike
0-1: Swinging Strike
0-2: Strikes out looking
Batting: LHB Cody Bellinger 0-0: Ball
1-0: Called Strike
1-1: Ball
2-1: Ball
3-1: Base on Balls
Batting: RHB Stephen Piscotty 0-0: Ball
1-0: Ball
2-0: Fielders Choice at 2nd, 1-6 (Groundball, 34S, EV 80.0 MPH)
Pitching: LHP Matt Krook
Batting: LHB Brandon Lowe 0-0: Ball
Wild Pitch!
Stephen Piscotty to second
1-0: Called Strike
1-1: Ground out 1-3 (Groundball, 13, EV 89.4 MPH)
Top of the 3rd over - 0 runs, 0 hits, 0 errors, 1 left on base; Chicago 4 - San Francisco 0
BOTTOM OF THE 3RD
San Francisco Giants batting - Pitching for Chicago Cubs : RHP Masahiro Tanaka
Batting: RHB Tim Anderson 0-0: Foul Ball, location: 2F
0-1: Ball
1-1: Swinging Strike
1-2: Strikes out swinging
Batting: LHB Steele Walker 0-0: Swinging Strike
0-1: Called Strike
0-2: Ball
1-2: Ball
2-2: Ball
3-2: Strikes out swinging
Batting: LHB Matt Krook 0-0: Foul Ball, location: 2F
0-1: Called Strike
0-2: Strikes out swinging
Bottom of the 3rd over - 0 runs, 0 hits, 0 errors, 0 left on base; Chicago 4 - San Francisco 0
TOP OF THE 4TH
Chicago Cubs batting - Pitching for San Francisco Giants : LHP Matt Krook
Batting: RHB Willson Contreras 0-0: Called Strike
0-1: Ball
1-1: Ball
2-1: Fly out, F8 (Flyball, 8LD, EV 101.9 MPH)
Batting: SHB Yoan Moncada 0-0: Ball
1-0: Foul Ball, location: 2F
1-1: Foul Ball, location: 2F
1-2: Ball
2-2: Foul Ball, location: 2F
2-2: Ball
3-2: Base on Balls
Batting: RHB Paul DeJong 0-0: Swinging Strike
0-1: Ball
1-1: Swinging Strike
1-2: Ball
2-2: Strikes out swinging
Batting: RHB Masahiro Tanaka 0-0: Fielders Choice at 2nd, 6-4 (Groundball, 56, EV 104.4 MPH)
Top of the 4th over - 0 runs, 0 hits, 0 errors, 1 left on base; Chicago 4 - San Francisco 0
BOTTOM OF THE 4TH
San Francisco Giants batting - Pitching for Chicago Cubs : RHP Masahiro Tanaka
Batting: RHB Dustin Pedroia 0-0: Called Strike
0-1: Foul Ball, location: 2F
0-2: Strikes out swinging
Batting: RHB Hunter Dozier 0-0: Ball
1-0: Called Strike
1-1: Foul Ball, location: 2F
1-2: Fly out, F6 (Popup, 15, EV 73.8 MPH)
Batting: LHB Miguel Montero 0-0: Ball
1-0: Swinging Strike
1-1: Called Strike
1-2: Strikes out swinging
Bottom of the 4th over - 0 runs, 0 hits, 0 errors, 0 left on base; Chicago 4 - San Francisco 0
TOP OF THE 5TH
Chicago Cubs batting - Pitching for San Francisco Giants : LHP Matt Krook
Batting: RHB Michael A. Taylor 0-0: Ball
1-0: DOUBLE (Line Drive, 9LD, EV 106.9 MPH)
Batting: RHB Justin Upton 0-0: Ball
1-0: Ball
2-0: Called Strike
2-1: Ball
3-1: Base on Balls
Batting: LHB Cody Bellinger 0-0: Called Strike
0-1: Foul Ball, location: 2F
0-2: Strikes out swinging
Pitching: RHP Andrew Case
Batting: RHB Stephen Piscotty 0-0: Ball
1-0: Ball
2-0: Fly out, F8 (Flyball, 8RXD, EV 105.6 MPH)
Runner from 2nd tags up, SAFE at 3rd, no throw by CF
Batting: LHB Brandon Lowe 0-0: Called Strike
0-1: Swinging Strike
0-2: Foul Ball, location: 2F
0-2: Strikes out looking
Top of the 5th over - 0 runs, 1 hit, 0 errors, 2 left on base; Chicago 4 - San Francisco 0
BOTTOM OF THE 5TH
San Francisco Giants batting - Pitching for Chicago Cubs : RHP Masahiro Tanaka
Pitching: RHP Dillon Maples
Batting: LHB Kyle Schwarber 0-0: Foul Ball, location: 2F
0-1: Swinging Strike
0-2: Ball
1-2: Ball
2-2: Ball
3-2: Foul Ball, location: 2F
3-2: Base on Balls
Batting: RHB Seth Mejias-Brean 0-0: Ball
1-0: Swinging Strike
1-1: Ball
Kyle Schwarber steals 2nd base
2-1: Swinging Strike
2-2: Fly out, F8 (Flyball, 8RM, EV 86.3 MPH)
Batting: LHB Carlos Gonzalez 0-0: Ball
1-0: Ball
2-0: Foul Ball, location: 2F
2-1: Ground out 4-3 (Groundball, 34, EV 89.4 MPH)
Kyle Schwarber to third
Batting: RHB Tim Anderson 0-0: SINGLE (Line Drive, 56D, EV 99.4 MPH)
Kyle Schwarber scores
Batting: LHB Steele Walker 0-0: Ball
Tim Anderson steals 2nd base
1-0: Called Strike
1-1: Called Strike
1-2: Ball
2-2: Ball
3-2: Base on Balls
Pinch Hitting: LHB Anthony Rizzo 0-0: Called Strike
0-1: Ball
1-1: Foul Ball, location: 2F
1-2: Foul Ball, location: 2F
1-2: Fly out, F6 (Line Drive, 4M, EV 101.9 MPH)
Bottom of the 5th over - 1 run, 1 hit, 0 errors, 2 left on base; Chicago 4 - San Francisco 1
TOP OF THE 6TH
Chicago Cubs batting - Pitching for San Francisco Giants : RHP Andrew Case
Pitching: LHP Ryan Borucki
Batting: RHB Willson Contreras 0-0: Ball
1-0: Foul Ball, location: 2F
1-1: Ball
2-1: Ball
3-1: Foul Ball, location: 2F
3-2: Strikes out swinging
Batting: SHB Yoan Moncada 0-0: Swinging Strike
0-1: Foul Ball, location: 2F
0-2: Ball
1-2: Fly out, F9 (Flyball, 89S, EV 90.6 MPH)
Batting: RHB Paul DeJong 0-0: Called Strike
0-1: Foul Ball, location: 2F
0-2: Strikes out looking
Top of the 6th over - 0 runs, 0 hits, 0 errors, 0 left on base; Chicago 4 - San Francisco 1
BOTTOM OF THE 6TH
San Francisco Giants batting - Pitching for Chicago Cubs : RHP Dillon Maples
Batting: RHB Dustin Pedroia 0-0: Swinging Strike
0-1: Reached on error, E5 (Groundball, 5, EV 86.3 MPH)
Pitching: RHP Giovanny Gallegos
Now at SS: Lourdes Gurriel Jr.
Batting: RHB Hunter Dozier 0-0: Ball
1-0: Swinging Strike
1-1: Ball
2-1: Grounds into double play, 6-4-3 (Groundball, 6, EV 103.1 MPH)
Batting: LHB Miguel Montero 0-0: Foul Ball, location: 2F
0-1: Swinging Strike
0-2: Ball
1-2: Ball
2-2: Strikes out swinging
Bottom of the 6th over - 0 runs, 0 hits, 1 error, 0 left on base; Chicago 4 - San Francisco 1
TOP OF THE 7TH
Chicago Cubs batting - Pitching for San Francisco Giants : LHP Ryan Borucki
Batting: RHB Lourdes Gurriel Jr. 0-0: Fly out, F8 (Flyball, 8RD, EV 94.4 MPH)
Pinch Hitting: RHB Kyle Lewis 0-0: Called Strike
0-1: Swinging Strike
0-2: Ball
1-2: Strikes out looking
Pinch Hitting: LHB Brennon Lund 0-0: Ball
1-0: Ball
2-0: Fly out, F7 (Flyball, 7LM, EV 88.8 MPH)
Top of the 7th over - 0 runs, 0 hits, 0 errors, 0 left on base; Chicago 4 - San Francisco 1
BOTTOM OF THE 7TH
San Francisco Giants batting - Pitching for Chicago Cubs : RHP Giovanny Gallegos
Now in LF: Brett Kinneman
Now in CF: Tanner English
Batting: LHB Kyle Schwarber 0-0: Called Strike
0-1: Ball
1-1: Ball
2-1: Foul Ball, location: 2F
2-2: Strikes out swinging
Batting: RHB Seth Mejias-Brean 0-0: Ball
1-0: Foul Ball, location: 2F
1-1: Swinging Strike
1-2: Ground out 4-3 (Groundball, 4, EV 106.3 MPH)
Batting: LHB Carlos Gonzalez 0-0: Called Strike
0-1: Ball
1-1: Ground out 4-3 (Groundball, 4, EV 104.4 MPH)
Bottom of the 7th over - 0 runs, 0 hits, 0 errors, 0 left on base; Chicago 4 - San Francisco 1
TOP OF THE 8TH
Chicago Cubs batting - Pitching for San Francisco Giants : LHP Ryan Borucki
Pitching: RHP Luke Leftwich
Now in CF: Travis Jankowski
Pinch Hitting: RHB Ibandel Isabel 0-0: Called Strike
0-1: Ball
1-1: Foul Ball, location: 2F
1-2: Ball
2-2: Strikes out swinging
Pinch Hitting: RHB Dairon Blanco 0-0: Foul Ball, location: 2F
0-1: Ball
1-1: Ground out 4-3 (Groundball, 4, EV 84.4 MPH)
Pinch Hitting: RHB Jedd Gyorko 0-0: Ball
1-0: Called Strike
1-1: Ball
2-1: Foul Ball, location: 2F
2-2: Foul Ball, location: 2F
2-2: Foul Ball, location: 2F
2-2: Foul Ball, location: 2F
2-2: Fly out, F8 (Flyball, 8RD, EV 96.9 MPH)
Top of the 8th over - 0 runs, 0 hits, 0 errors, 0 left on base; Chicago 4 - San Francisco 1
BOTTOM OF THE 8TH
San Francisco Giants batting - Pitching for Chicago Cubs : RHP Giovanny Gallegos
Pitching: RHP Marco Estrada
Now at 1B: Mikey White
Now at SS: Ehire Adrianza
Now in RF: Dairon Blanco
Batting: RHB Tim Anderson 0-0: Fly out, F7 (Flyball, 78S, EV 95.0 MPH)
Batting: LHB Steele Walker 0-0: Ball
1-0: Ball
2-0: Fly out, F9 (Flyball, 9S, EV 91.9 MPH)
Batting: LHB Travis Jankowski 0-0: Called Strike
0-1: Ball
1-1: Called Strike
1-2: Foul Ball, location: 2F
1-2: Ball
2-2: Ball
3-2: Foul Ball, location: 2F
3-2: Base on Balls
Pinch Hitting: LHB Cavan Biggio 0-0: Ball
1-0: Ball
2-0: Called Strike
2-1: Ball
3-1: Fly out, F3 (Line Drive, 3, EV 73.8 MPH)
Bottom of the 8th over - 0 runs, 0 hits, 0 errors, 1 left on base; Chicago 4 - San Francisco 1
TOP OF THE 9TH
Chicago Cubs batting - Pitching for San Francisco Giants : RHP Luke Leftwich
Pitching: LHP Jose Torres
Now at 2B: Cavan Biggio
Pinch Hitting: RHB Austin Rei 0-0: Called Strike
0-1: Foul Ball, location: 2F
0-2: Ball
1-2: Fly out, F5 (Popup, 56, EV 78.1 MPH)
Pinch Hitting: LHB Greg Deichmann 0-0: Foul Ball, location: 2F
0-1: Ball
1-1: Ball
2-1: Called Strike
2-2: Ball
3-2: Foul Ball, location: 2F
3-2: Strikes out looking
Batting: SHB Ehire Adrianza 0-0: Called Strike
0-1: Ball
1-1: Hit by Pitch
Batting: RHB Lourdes Gurriel Jr. 0-0: Ball
1-0: Foul Ball, location: 2F
1-1: Swinging Strike
1-2: Ball
2-2: Ball
3-2: Strikes out looking
Top of the 9th over - 0 runs, 0 hits, 0 errors, 1 left on base; Chicago 4 - San Francisco 1
BOTTOM OF THE 9TH
San Francisco Giants batting - Pitching for Chicago Cubs : RHP Marco Estrada
Pitching: RHP Roberto Osuna
Now at C: Austin Rei
Now at 1B: Greg Deichmann
Pinch Hitting: RHB Austin Slater 0-0: Called Strike
0-1: Ball
1-1: Swinging Strike
1-2: Strikes out swinging
Pinch Hitting: RHB Luke Maile 0-0: Swinging Strike
0-1: Ball
1-1: Ground out 5-3 (Groundball, 56S, EV 84.4 MPH)
Pinch Hitting: RHB Joey Rickard 0-0: Ground out 5-3 (Groundball, 56S, EV 83.8 MPH)
Bottom of the 9th over - 0 runs, 0 hits, 0 errors, 0 left on base; Chicago 4 - San Francisco 1
Thursday, June 6th, 2019 - OOTP Baseball 20.4 Build 40